Workbook

Sheet 目录
A1: 目录
A3: 1 | B3: 全省主要经济指标
A4: 2 | B4: 地区生产总值及各产业增加值
A5: 3 | B5: 农林牧渔业总产值及主要产品产量
A6: 4 | B6: 规模以上工业增加值增速
A7: 5 | B7: 规模以上工业重点行业增加值增速及占比 产销率
A8: 6 | B8: 主要工业产品产量
A9: 7 | B9: 规模以上工业企业效益
A10: 8 | B10: 规模以上工业重点行业利润
A11: 9 | B11: 规模以上服务业企业效益…
A12: 10 | B12: 交通运输
A13: 11 | B13: 邮电通信
A14: 12 | B14: 高新技术产业发展情况（四上）
... A28: 26 | B28: 全社会用电量

Sheet 1+
A1: 全省主要经济指标
B3: 单位 | C3: 1-6月 | D3: 增速(%)
A4: 一、湖北省生产总值（GDP） | B4: 亿元 | C4: ='2'!B4 -> 17480.511 | D4: ='2'!C4 -> -19.343
A5: 二、规模以上工业增加值 | D5: ='4'!C5 -> -20.8
A6: 三、全社会用电量 | B6: 亿千瓦时 | C6: ='26'!D4 -> 924.28952 | D6: ='26'!E4 -> -11.056193
A7: #工业用电量 | B7: 亿千瓦时 | C7: ='26'!D7 -> 532.52656 | D7: ='26'!E7 -> -13.831347
A8: 四、固定资产投资 | D8: ='14'!C3 -> -56.2
A9: #民间投资 | D9: ='14'!C15 -> -57
A10: 五、社会消费品零售总额 | B10: 亿元 | C10: ='17'!C5 -> 7062.4285 | D10: ='17'!C17 -> -34.130845
A11: 六、进出口总额 | B11: 亿元 | C11: ='19'!C5 -> 1666.6 | D11: ='19'!C9 -> -1.5
A12: #进 口 | B12: 亿元 | C12: ='19'!C6 -> 683.9 | D12: ='19'!C10 -> 8.8
A13: 出 口 | B13: 亿元 | C13: ='19'!C7 -> 982.7 | D13: ='19'!C11 -> -7.6
A14: 七、实际外商直接投资 | B14: 亿美元 | C14: ='19'!C14 -> 19.5562 | D14: ='19'!C17 -> -72.427863
A15: 八、地方一般公共预算收入 | B15: 亿元 | C15: ='20'!B4 -> 1208.8812 | D15: ='20'!C4 -> -38.439598
A16: #税收收入 | B16: 亿元 | C16: ='20'!B5 -> 955.9775 | D16: ='20'!C5 -> -36.36449
A17: 地方一般公共预算支出 | B17: 亿元 | C17: ='21'!B4 -> 3543.2092 | D17: ='21'!C4 -> -12.522899
A18: 九、月末金融机构存款余额 | B18: 亿元 | C18: ='22'!B4 -> 64487.305 | D18: 7.8
A19: 月末金融机构贷款余额 | B19: 亿元 | C19: ='22'!B11 -> 55169.984 | D19: 13
A20: 十、居民消费价格总指数 | B20: 上年同期=100 | C20: ='24'!C4 -> 104.5 | D20: =C20-100 -> 4.5
A21: 工业生产者出厂价格指数 | B21: 上年同期=100 | C21: ='24'!C20 -> 99.2 | D21: =C21-100 -> -0.8
A22: 十一、城镇居民人均可支配收入 | B22: 元 | C22: 17115 | D22: -10.1
A23: 农村居民人均可支配收入 | B23: 元 | C23: 6357 | D23: -8.8
A24: 注：1.湖北省生产总值（GDP）、居民收入为季度数。

Sheet 2
A1: 地区生产总值及各产业增加值
A2: 指标 | B2: 上半年
B3: 绝对量（亿元） | C3: 增速（%） | D3: 全国增速（%）
A4: 地区生产总值 | B4: 17480.511 | C4: -19.343 | D4: -1.6
A5: 农林牧渔业
A6: 工业
A7: 建筑业
A8: 批发和零售业
A9: 交通运输、仓储和邮政业
A10: 住宿和餐饮业
A11: 金融业
A12: 房地产业
A13: 其他服务业
A14: 第一产业 | B14: 1320.9802 | C14: -7.8874577 | D14: 0.9
A15: 第二产业 | B15: 6833.0129 | C15: -23.334314 | D15: -1.9
A16: 第三产业 | B16: 9326.518 | C16: -17.239 | D16: -1.6
A17: 三次产业比重 （一产：二产：三产） | B17: 7.6：39.1：53.3 | D17: 6.4：39.6：54

Sheet 3
B2: 农林牧渔业产值及主要产品产量
B3: 农林牧渔业总产值
B4: 指标 | C4: 上半年
C5: 绝对量（亿元） | D5: 增速（%）
B6: 总产值 | C6: 2376.1893 | D6: -9.3816907
B7: 农业 | C7: 888.42693 | D7: 1.1150374
B8: 林业 | C8: 63.478951 | D8: -21.567418
B9: 牧业 | C9: 759.23279 | D9: -26.596815
B10: 渔业 | C10: 484.81545 | D10: -6.4607178
B11: 主要农产品产量
B12: 指标 | C12: 上半年
C13: 绝对量 | D13: 增速（%）
B14: 粮食产量（万吨） | C14: 471.96 | D14: 3.2740945
B15: 禽蛋产量（万吨） | C15: 91.01 | D15: 5.8871437
B16: 出栏生猪（万头） | C16: 1261.08 | D16: -33.537109
B17: 出栏羊（万只） | C17: 228.38 | D17: -29.57538
B18: 出栏牛（万头） | C18: 55.82 | D18: -9.5593001
B19: 出栏活家禽（万只） | C19: 20111.16 | D19: -11.919031
B20: 猪肉产量（万吨） | C20: 100.29175 | D20: -34.3
B21: 水产品产量（万吨） | C21: 218.4337 | D21: -3.690675

Sheet 4
A1: 规模以上工业增加值增速
A3: 指标 | B3: 6月 | C3: 1-6月 | D3: 5月 | E3: 1-5月
B4: 增速（%） | C4: 增速（%）
A5: 规模以上工业增加值 | B5: 2 | C5: -20.8
A6: #轻工业 | B6: 0.3 | C6: -19.8
A7: 重工业 | B7: 2.9 | C7: -21.4
A8: #国有企业 | B8: 2.7 | C8: -8.1
A9: 集体企业 | B9: -6.8 | C9: -39.3
A10: 股份制企业 | B10: 1.6 | C10: -21
A11: 外商及港澳台 | B11: 3.9 | C11: -21.7
A12: 其它经济类型 | B12: 3.7 | C12: -25.7
A13: #国有控股工业 | B13: 2.9 | C13: -10.7
A14: 民营工业 | B14: 1.6 | C14: -25.1
A15: #大型企业 | B15: 2.9 | C15: -13
A16: 中型企业 | B16: 4 | C16: -21.5
A17: 小型企业 | B17: -0.2 | C17: -27

Sheet 5
A1: 规模以上工业重点行业增加值增速及占比 工业产销率
A3: 规模以上工业重点行业增加值增速及占比
B4: 6月增加值增速（%） | C4: 1-6月增加值增速（%） | D4: 1-6月增加值占规上工业比重（%）
A5: 总计 | B5: 2 | C5: -20.8
A6: #汽车制造业 | B6: 4.5 | C6: -22.8 | D6: 13.668097
A7: 铁路、船舶、航空航天和其他运输设备制造业 | B7: -3.7 | C7: -27.6 | D7: 0.57596105
A8: 电力、热力生产和供应业 | B8: 1.6 | C8: -10.6 | D8: 8.1905371
A9: 黑色金属冶炼和压延加工业 | B9: -5.2 | C9: -19.1 | D9: 3.2193224
A10: 化学原料和化学制品制造业 | B10: 7.2 | C10: -18.3 | D10: 6.8733146
A11: 农副食品加工业 | B11: -2.5 | C11: -26.7 | D11: 6.3421351
A12: 非金属矿物制品业 | B12: 1.5 | C12: -31 | D12: 7.4072151
A13: 烟草制品业 | B13: 0.6 | C13: 10.4 | D13: 8.5903061
A14: 纺织业 | B14: 3.8 | C14: -17.8 | D14: 4.3197093
A15: 计算机、通信和其他电子设备制造业 | B15: 10.2 | C15: -10.7 | D15: 4.5676236
A16: 电气机械和器材制造业 | B16: 3.7 | C16: -28.6 | D16: 3.4850868
A17: 通用设备制造业 | B17: 2.8 | C17: -26 | D17: 3.2053771
... A19: 高耗能产业 | B19: 3.3 | C19: -19.3 | D19: 29.7
A22: 工业产销率
B23: ='4'!B3 -> 6月 | C23: ='4'!C3 -> 1-6月
A24: 工业销售产值（亿元） | B24: 4153.6 | C24: 16342.1
A25: #出口交货值 | B25: 154.5 | C25: 674.2
A26: 工业产销率（%） | B26: 95.5 | C26: 97
A27: 增长速度（%）
A28: 工业销售产值增速 | B28: 0.1 | C28: -23.6
A29: #出口交货值 | B29: 7.4 | C29: -11.9
A30: 工业产销率 | B30: 降低0.4个百分点 | C30: 降低0.3个百分点

Sheet 6
A1: 主要工业产品产量
B3: ='4'!C3 -> 1-6月 | C3: 增长速度（%）
A4: 饮料酒(万千升） | B4: 108.4 | C4: -14.8
A5: 卷烟(亿支） | B5: 731.5 | C5: 10
A6: 布(亿米） | B6: 15.4 | C6: -33
A7: 硫酸(折100%)(万吨） | B7: 382.4 | C7: -11.4
A8: 烧碱(折100%)(万吨） | B8: 34.8 | C8: -10.3
A9: 农用氮、磷、钾化学肥料(折纯)(万吨） | B9: 246.2 | C9: -15.1
A10: 化学农药原药(折有效成分100%)(万吨） | B10: 6.8 | C10: -25.3
A11: 水泥(万吨） | B11: 3554.6 | C11: -31.6
A12: 平板玻璃(万重量箱） | B12: 4657.1 | C12: -5.2
A13: 钢材(万吨） | B13: 1604.6 | C13: -13
A14: 房间空气调节器(万台） | B14: 756.3 | C14: -35.1
A15: 工业机器人(套） | B15: 4745 | C15: -25.4
... A26: #水力发电量（亿千瓦时） | B26: 583.9817 | C26: -0.3398

Sheet 7
A1: 规模以上工业企业效益
A2: 指标 | B2: ='4'!E3 -> 1-5月
B3: 绝对量 | C3: 增速（%）
A4: 企业数（个） | B4: 15490 | C4: 2.7120217
A5: #亏损企业 | B5: 3376 | C5: 66.2
A6: 亏损面（%） | B6: 21.794706
A7: 营业收入（亿元） | B7: 12079.99 | C7: -27.6
A8: 营业成本（亿元） | B8: 10082.26 | C8: -27.7
A9: 每百元营业收入中成本（元） | B9: 83.46
A10: 资产总计（亿元） | B10: 39944.52 | C10: 5.9
A11: 流动资产合计（亿元） | B11: 18491.95 | C11: 5.1
A12: 负债合计（亿元） | B12: 21009.36 | C12: 7.8
A13: 利润总额（亿元） | B13: 506.21 | C13: -49.8
A14: 产成品（亿元） | B14: 1473.15 | C14: 7.3
A15: 亏损企业亏损额（亿元） | B15: 275.06 | C15: 158.2
A16: 应收账款（亿元） | B16: 4433.18 | C16: 19.7
A17: 平均用工人数（万人） | B17: 253.8 | C17: -7.7

Sheet 8
A1: 规模以上工业重点行业利润
A2: 指标 | B2: ='4'!E3 -> 1-5月
B3: 绝对量（亿元） | C3: 增速（%）
A4: 装备制造产业 | B4: 89.05 | C4: -71.1719
A5: 高耗能产业 | B5: 131.99 | C5: -58.136953
A6: 重点产业
A7: #汽车制造业 | B7: 43.94 | C7: -74.2
A8: 铁路、船舶、航空航天和其他运输设备制造业 | B8: 0.91 | C8: -71.4
A9: 电力、热力生产和供应业 | B9: 49.32 | C9: -43.3
A10: 黑色金属冶炼和压延加工业 | B10: 2.33 | C10: -94.5
A11: 化学原料和化学制品制造业 | B11: 28.24 | C11: -62.9
A12: 农副食品加工业 | B12: 40.12 | C12: -35.6
A13: 非金属矿物制品业 | B13: 59.4 | C13: -41.8
A14: 烟草制品业 | B14: 62.88 | C14: -3.6
A15: 纺织业 | B15: 37.32 | C15: 18.9
A16: 计算机、通信和其他电子设备制造业 | B16: -20.49 | C16: -220.8
A17: 电气机械和器材制造业 | B17: 14.33 | C17: -61.2
A18: 通用设备制造业 | B18: 11.92 | C18: -47.6

Sheet 9
A1: 规模以上服务业企业效益
A2: 指标 | B2: ='4'!E3 -> 1-5月
B3: 绝对量 | C3: 增速（%）
A4: 单位数（个） | B4: 5914 | C4: -3.64939
A5: 营业收入（亿元） | B5: 2008.6766 | C5: -22.7199
A6: 营业成本（亿元） | B6: 1682.7715 | C6: -15.008
A7: 税金及附加（亿元） | B7: 10.93343 | C7: -33.69431
A8: 销售费用（亿元） | B8: 95.63397 | C8: -5.14639
A9: 管理费用（亿元） | B9: 152.24092 | C9: -12.85569
A10: 财务费用（亿元） | B10: 77.88714 | C10: -7.584923
A11: 营业利润（亿元） | B11: -13.28758 | C11: --
A12: 利润总额（亿元） | B12: -0.68901 | C12: --
A13: 应付职工薪酬（亿元） | B13: 408.0883 | C13: -9.281129
A14: 期末用工人数（万人） | B14: 117.4125 | C14: -2.030277

Sheet 10
A1: 交通运输业
A2: 指标 | B2: ='4'!E3 -> 1-5月
B3: 绝对量 | C3: 增速（%）
A4: 合计
A5: 客运量（万人） | B5: 10265.355 | C5: -74.00915
A6: 旅客周转量（亿人公里） | B6: 190.74016 | C6: -67.303217
A7: 货运量（万吨） | B7: 23468.87 | C7: -65.652027
A8: 货物周转量（亿吨公里） | B8: 1219.6571 | C8: -45.619822
A9: 一、铁路运输
A10: 客运量（万人） | B10: 1876.042 | C10: -73.416411
A11: 旅客周转量（亿人公里） | B11: 126.15842 | C11: -62.945011
A12: 货运量（万吨） | B12: 2007.33 | C12: -6.7127824
A13: 货物周转量（亿吨公里） | B13: 320.97884 | C13: -7.145632
A14: 二、公路运输
A15: 客运量（万人） | B15: 8230.5308 | C15: -73.946991
A16: 旅客周转量（亿人公里） | B16: 47.632332 | C16: -71.699414
A17: 货运量（万吨） | B17: 11490.027 | C17: -77.899118
A18: 货物周转量（亿吨公里） | B18: 153.77657 | C18: -80.853267
A19: 三、水路运输
A20: 客运量（万人） | B20: 24.9685 | C20: -89.725265
A21: 旅客周转量（亿人公里） | B21: 0.09222451 | C21: -93.721438
A22: 货运量（万吨） | B22: 9970 | C22: -29.7
A23: 货物周转量（亿吨公里） | B23: 744.6962 | C23: -31.9
A24: 四、民航运输
A25: 客运量（万人） | B25: 133.8139 | C25: -77.860219
A26: 旅客周转量（亿人公里） | B26: 16.857179 | C26: -76.945995
A27: 货运量（万吨） | B27: 1.512236 | C27: -61.675163
A28: 货物周转量（亿吨公里） | B28: 0.205523 | C28: -56.551253
A31: 注：1.铁路、公路、水路运输统计口径发生改变，增速指标按可比口径计算。

Sheet 11
A1: 邮电通信
A2: 指标 | B2: ='4'!E3 -> 1-5月
B3: 绝对量 | C3: 增速（%）
A4: 一、邮电业务
A5: 邮电业务总量
A6: #邮政业务总量（亿元） | B6: 129.61678 | C6: -25.029964
A7: 电信业务总量（亿元） | B7: 1593.3496 | C7: 25.458699
A8: 邮电业务收入（亿元）
A9: #邮政业务收入（亿元） | B9: 99.750153 | C9: -13.096275
A10: 电信业务收入（亿元） | B10: 192.89082 | C10: 3.82
A11: 快递（万件） | B11: 43757.661 | C11: -27.357732
A12: 二、电信业务
A13: 互联网宽带接入用户（万户） | B13: 1745.64 | C13: 9.26
A14: 固定电话用户（万户） | B14: 504.02 | C14: -10.46
A15: 移动电话用户（万户） | B15: 5623.09 | C15: -1.35

Sheet 12
A1: 规上高新技术产业发展情况
A2: 指标名称 | B2: 上半年
B3: 总量（亿元） | C3: 增速（%）
A4: 高新技术产业增加值 | B4: 3266.2559 | C4: -16.521266
A5: 其中：制造业 | B5: 2380.6826 | C5: -20.3635
A6: 建筑业 | B6: 396.19857 | C6: -5.6517679
A7: 服务业 | B7: 489.37469 | C7: -6.629745
A8: 其中：高新技术企业 | B8: 2010.0312 | C8: -14.193851
A9: 高新制造业总产值 | B9: 9743.0254 | C9: -22.181631
A10: 高新制造业销售产值 | B10: 9395.5906 | C10: -22.64242
A11: 高新制造业出口交货值 | B11: 509.40278 | C11: -9.0283618
A12: 注：从2019年起，我省高新技术产业实施新的统计方案，统计口径调整为“高新技术企业+符合国家统计局战略性新兴产业、高技术产业（制造业）、高技术产业（服务业）、知识产权（专利）密集型产业分类标准的企业”。

Sheet 13
A1: 规模以上文化企业分行业营业收入
A2: 类别 | B2: 一季度
B3: 营业收入（亿元） | C3: 增速(%)
A4: 总计 | B4: 457.1 | C4: -39.3
A5: 新闻信息服务 | B5: 39.7 | C5: -12.1
A6: 内容创作生产 | B6: 102 | C6: -37.1
A7: 创意设计服务 | B7: 146.3 | C7: -7.9
A8: 文化传播渠道 | B8: 22 | C8: -54.9
A9: 文化投资运营 | B9: 0.8 | C9: -33.2
A10: 文化娱乐休闲服务 | B10: 4.7 | C10: -64.4
A11: 文化辅助生产和中介服务 | B11: 81 | C11: -61
A12: 文化装备生产 | B12: 15.8 | C12: -50.2
A13: 文化消费终端生产 | B13: 44.9 | C13: -46.8

Sheet 14
A1: 固定资产投资
B2: ='4'!C3 -> 1-6月 | C2: 增长速度（%）
A3: 一、固定资产投资（亿元） | C3: -56.2
A4: #制造业投资 | C4: -61.9
A5: 基础设施投资 | C5: -58.5
A6: 房地产开发投资 | C6: -38.3
A7: 1.按产业分
A8: # 第一产业 | C8: -64.3
A9: 第二产业 | C9: -61.6
A10: #工业 | C10: -61.6
A11: 第三产业 | C11: -52.3
A12: 2.按投资主体分
A13: #国有 | C13: -54.8
A14: 非国有 | C14: -56.9
A15: #民间投资 | C15: -57
A16: 3.按隶属关系分
A17: #中央项目 | C17: -54.5
A18: 地方项目 | C18: -56.2
A19: 4.按建设性质分
A20: #新建 | C20: -58.5
A21: 扩建 | C21: -64
A22: 改建和技术改造 | C22: -63
A23: 5.投资按构成分
A24: #建筑安装工程 | C24: -57.7
A25: 设备、工器具购置 | C25: -56.4
A26: 其他费用 | C26: -45.7
A27: 二、重大项目建设
A28: 施工项目总个数 | B28: 11022 | C28: -35.3
A29: #新开工项目 | B29: 1598 | C29: -69.4
A30: 1.亿元以上项目情况
A31: 施工项目个数（个） | B31: 6447 | C31: -19.4
A32: #本年新开工项目 | B32: 679 | C32: -60.7
A33: 完成投资额（亿元） | C33: -58.7
A34: #本年新开工项目 | C34: -79
A35: 2.十亿元以上项目情况
A36: 施工项目个数（个） | B36: 983 | C36: -12.2
A37: 完成投资额（亿元） | C37: -53.8

Sheet 15
A1: 各行业固定资产投资增速
B3: 1-6月（%）
A4: 全省总计 | B4: -56.2
A5: 一、农、林、牧、渔业 | B5: -61.2
A6: 二、采矿业 | B6: -60.7
A7: 三、制造业 | B7: -61.9
A8: 四、电力、燃气及水的生产和供应业 | B8: -58.2
A9: 五、建筑业 | B9: -84.2
A10: 六、批发和零售业 | B10: -66.8
A11: 七、交通运输、仓储和邮政业 | B11: -51.3
A12: 八、住宿和餐饮业 | B12: -59.5
A13: 九、信息传输、软件和信息技术服务业 | B13: -69.6
A14: 十、金融业 | B14: -38.2
A15: 十一、房地产业 | B15: -45
... A23: 十九、公共管理、社会保障和社会组织 | B23: -69.1
A24: 二十、国际组织

Sheet 16
A1: 商品房建设与销售
B3: ='4'!C3 -> 1-6月
A4: 绝对量
A5: 商品房施工面积(万平方米) | B5: 29336.421
A6: 住宅 | B6: 21934.73
A7: 商品房竣工面积(万平方米) | B7: 799.5784
A8: 住宅 | B8: 650.52
A9: 商品房销售面积(万平方米) | B9: 1815.1907
A10: 住宅 | B10: 1679.21
A11: 商品房销售额（亿元） | B11: 1578.6016
A12: 住宅 | B12: 1439.82
A13: 增长速度（%）
A14: 商品房施工面积 | B14: 0.3
A15: 住宅 | B15: 0.1
A16: 商品房竣工面积 | B16: -40.2
A17: 住宅 | B17: -37.1
A18: 商品房销售面积 | B18: -55.5
A19: 住宅 | B19: -55.3
A20: 商品房销售额 | B20: -57.1
A21: 住宅 | B21: -55.7

Sheet 17
A1: 社会消费品零售总额
B3: ='4'!B3 -> 6月 | C3: ='4'!C3 -> 1-6月
A4: 绝对量（亿元）
A5: 社会消费品零售总额 | B5: 1550.8839 | C5: 7062.4285
A6: #限额以上 | B6: 617.29417 | C6: 2525.3569
A7: 批发和零售业销售额
A8: #限额以上 | B8: 1655.734 | C8: 7481.1515
A9: 其中：批发业 | B9: 1115.3991 | C9: 5256.0868
A10: 零售业 | B10: 540.3349 | C10: 2225.0647
A11: 住宿和餐饮业营业额
A12: #限额以上 | B12: 39.84792 | C12: 157.53766
A13: 其中：住宿业 | B13: 8.1526 | C13: 38.52835
A14: 餐饮业 | B14: 31.69532 | C14: 119.00931
A16: 增长速度（%）
A17: 社会消费品零售总额 | B17: -19.931551 | C17: -34.130845
A18: #限额以上 | B18: -10.987112 | C18: -30.988291
A19: 批发和零售业销售额
A20: #限额以上 | B20: -10.377179 | C20: -24.61632
A21: 其中：批发业 | B21: -10.876787 | C21: -23.42802
A22: 零售业 | B22: -9.3279276 | C22: -27.282058
A23: 住宿和餐饮业营业额
A24: #限额以上 | B24: -25.249153 | C24: -42.947109
A25: 其中：住宿业 | B25: -40.630082 | C25: -45.777905
A26: 餐饮业 | B26: -19.91233 | C26: -41.966237

Sheet 18
A1: 限额以上社会消费品零售总额零售类值
A2: 指标 | B2: ='4'!C3 -> 1-6月 | C2: ='4'!D2 -> 0
B3: 零售额(亿元) | C3: 增速（%）
A4: 商品零售类值 | B4: 2406.8018 | C4: -28.9
A5: #通过互联网销售 | B5: 423.37106 | C5: -11.2
A6: 1.粮油、食品类 | B6: 454.52283 | C6: -11.3
A7: 2.饮料类 | B7: 54.23105 | C7: -23.2
A8: 3.烟酒类 | B8: 96.27314 | C8: -43.2
A9: 4.服装、鞋帽、针纺织品类 | B9: 185.45479 | C9: -48.8
A10: 5.化妆品类 | B10: 74.47663 | C10: -31.8
A11: 6.金银珠宝类 | B11: 26.88774 | C11: -50.6
A12: 7.日用品类 | B12: 140.82294 | C12: -18.3
A13: 8.体育、娱乐用品类 | B13: 8.48299 | C13: -39.7
A14: 9.书报杂志类 | B14: 10.23806 | C14: -23
A15: 10.家用电器和音像器材类 | B15: 216.30746 | C15: -16.3
... A23: 18.其他类 | B23: 57.78802 | C23: -27

Sheet 19
A2: 进出口及利用外资
A4: 对外经济 | B4: ='4'!B3 -> 6月 | C4: ='4'!C3 -> 1-6月
A5: 一、进出口总额(亿元) | B5: 360.1 | C5: 1666.6
A6: 进 口 | B6: 126.8 | C6: 683.9
A7: 出 口 | B7: 233.3 | C7: 982.7
A8: 增长速度（%）
A9: 进出口总额 | B9: 15.6 | C9: -1.5
A10: 进 口 | B10: 2.6 | C10: 8.8
A11: 出 口 | B11: 24.1 | C11: -7.6
A12: 二、外商直接投资(亿美元)
A13: 合同利用外资 | B13: 3.9898 | C13: 26.8805
A14: 实际利用外资 | B14: 13.0342 | C14: 19.5562
A15: 增长速度（%）
A16: 合同利用外资 | B16: -53.43 | C16: -54.08
A17: 实际利用外资 | B17: -25.33 | C17: -72.427863

Sheet 20
A1: 财政收入
A2: 指标 | B2: ='4'!C3 -> 1-6月
B3: 绝对量（亿元） | C3: 增速（%）
A4: 地方公共预算收入 | B4: 1208.8812 | C4: -38.439598
A5: 一、税收收入 | B5: 955.9775 | C5: -36.36449
A6: 增值税50% | B6: 375.6873 | C6: -33.857478
A7: 企业所得税40% | B7: 199.7264 | C7: -25.915977
A8: 个人所得税40% | B8: 41.7524 | C8: -21.696711
A9: 资源税 | B9: 6.4985 | C9: -32.270548
A10: 城市维护建设税 | B10: 75.0188 | C10: -28.11896
A11: 房产税 | B11: 34.132 | C11: -34.984933
A12: 印花税 | B12: 17.452 | C12: -15.10567
A13: 城镇土地使用税 | B13: 22.123 | C13: -36.611458
A14: 土地增值税 | B14: 68.7287 | C14: -58.626886
A15: 车船税 | B15: 15.3057 | C15: 4.2515311
... A27: 其他收入 | B27: 25.8707 | C27: -16.353645

Sheet 21
A1: 财政支出
A2: 指标 | B2: ='4'!C3 -> 1-6月
B3: 绝对量（亿元） | C3: 增速（%）
A4: 财政支出合计 | B4: 3543.2092 | C4: -12.522899
A5: 一般公共服务 | B5: 325.5199 | C5: -27.625663
A6: 公共安全 | B6: 188.521 | C6: -14.336544
A7: 教育 | B7: 479.4404 | C7: -24.876723
A8: 科学技术 | B8: 116.7481 | C8: -21.980557
A9: 文化旅游体育与传媒 | B9: 36.4399 | C9: -33.452777
A10: 社会保障和就业 | B10: 803.5635 | C10: 1.554314
A11: 卫生健康 | B11: 482.0098 | C11: 29.175552
A12: 节能环保 | B12: 66.6824 | C12: -30.239477
A13: 城乡社区 | B13: 296.8249 | C13: -43.582375
A14: 农林水 | B14: 272.5471 | C14: 6.0719986
A15: 交通运输 | B15: 150.8563 | C15: -4.7801121
... A22: 其他支出 | B22: 112.4305 | C22: 2.4342601

Sheet 22
A1: 金融机构（含外资）人民币信贷收支
B3: 1-6月期末余额（亿元） | C3: 比年初增减
A4: 各项存款 | B4: 64487.305 | C4: 4739.6038
A5: （一）境内存款 | B5: 64444.805 | C5: 4735.133
A6: 1.住户存款 | B6: 33253.521 | C6: 3448.9722
A7: 2.非金融企业存款 | B7: 17967.188 | C7: 531.15565
A8: 3.广义政府存款 | B8: 11786.332 | C8: 919.97695
A9: 4.非银行业金融机构存款 | B9: 1437.7636 | C9: -164.9718
A10: （二）境外存款 | B10: 42.500132 | C10: 4.4707455
A11: 各项贷款 | B11: 55169.984 | C11: 4506.0245
A12: （一）境内贷款 | B12: 55165.533 | C12: 4506.065
A13: 1.住户贷款 | B13: 17475.437 | C13: 891.3313
A14: 2.非金融企业及机关团体贷款 | B14: 37689.973 | C14: 3614.7337
A15: 3.非银行业金融机构贷款 | B15: 0.12227515 | C15: 0
A16: （二）境外贷款 | B16: 4.4510885 | C16: -0.040548589

Sheet 23
A1: 保险业
A2: 指标 | B2: ='4'!E3 -> 1-5月
B3: 绝对量（亿元） | C3: 增速（%）
A4: 原保险保费收入 | B4: 984.24568 | C4: 6.326988
A5: 1.财产险 | B5: 164.97014 | C5: -2.9775733
A6: 2.人身险 | B6: 819.27555 | C6: 8.4206725
A7: （1）寿险 | B7: 640.71081 | C7: 8.7470286
A8: （2）健康险 | B8: 160.37738 | C8: 9.2434402
A9: （3）人身意外伤害险 | B9: 18.187358 | C9: -7.5016012
A10: 原保险赔付支出 | B10: 182.4446 | C10: -12.403454
A11: 1.财产险 | B11: 67.245205 | C11: -15.167096
A12: 2.人身险 | B12: 115.19939 | C12: -10.70539
A13: （1）寿险 | B13: 75.089215 | C13: -10.974911
A14: （2）健康险 | B14: 35.66411 | C14: -10.660318
A15: （3）人身意外伤害险 | B15: 4.446066 | C15: -6.2933434

Sheet 24
A1: 价格指数
A3: （以上年同期为100） | B3: ='4'!B3:B4 -> 6月 | C3: ='4'!C3 -> 1-6月
A4: 居民消费价格总指数 | B4: 102.2 | C4: 104.5
A5: ＃城市 | B5: 101.8 | C5: 104.3
A6: 农村 | B6: 103.2 | C6: 105.1
A7: 一、食品烟酒 | B7: 108.2 | C7: 113.7
A8: #粮食 | B8: 101.6 | C8: 101.1
A9: 二、衣着 | B9: 99.9 | C9: 100.2
A10: 三、居住 | B10: 98.6 | C10: 100.5
A11: 四、生活用品及服务 | B11: 100.2 | C11: 100.1
A12: 五、交通和通信 | B12: 95.3 | C12: 96.8
A13: 六、教育文化和娱乐 | B13: 101.7 | C13: 101.8
A14: 七、医疗保健 | B14: 102.3 | C14: 102.4
A15: 八、其他用品和服务 | B15: 104.8 | C15: 105.5
... A21: 工业生产者购进价格指数 | B21: 96.1 | C21: 98.3

Sheet 25
A1: 返回 | B1: 市场主体发展情况
C3: 单 位 | D3: ='14'!B2 -> 1-6月 | E3: 增长（%）
B4: 各类市场主体总户数 | C4: 万户 | D4: 548.87 | E4: 7.66
B5: 总注册资本（金）总额 | C5: 亿元 | D5: 122062.95 | E5: 14.44
B6: 新发展户数 | C6: 万户 | D6: 28.44 | E6: -24.2
B7: 新发展注册资本（金）数 | C7: 亿元 | D7: 4588.46 | E7: -33.83
B8: 一、内资企业
B9: 企业总数 | C9: 万户 | D9: 11.14 | E9: -15.28
B10: 注册资本（金）总数 | C10: 亿元 | D10: 37296.15 | E10: 19.36
B11: 新登记数 | C11: 万户 | D11: 0.32 | E11: -33.17
B12: 新登记注册资本(金）数 | C12: 亿元 | D12: 792.41 | E12: -14.3
B13: 二、外商投资企业
B14: 企业总数 | C14: 万户 | D14: 1.25 | E14: 3.09
B15: 注册资本总数 | C15: 亿美元 | D15: 1079.86 | E15: 28.3
B16: 新登记数 | C16: 户 | D16: 211 | E16: -72.05
B17: 新登记注册资本数 | C17: 亿美元 | D17: 19.75 | E17: -74.24
B18: 三、私营企业
B19: 企业总数 | C19: 万户 | D19: 126.45 | E19: 12.17
B20: 注册资本（金）总数 | C20: 亿元 | D20: 71742.92 | E20: 13.94
B21: 新登记数 | C21: 万户 | D21: 8.94 | E21: -18.65
B22: 新登记注册资本(金）数 | C22: 亿元 | D22: 3282.04 | E22: -32.75
B23: 四、个体工商户
B24: 个体工商户总数 | C24: 万户 | D24: 399.79 | E24: 7.26
B25: 资金数额 | C25: 亿元 | D25: 4694.75 | E25: 11.46
B26: 新登记数 | C26: 万户 | D26: 18.74 | E26: -26.45
B27: 新登记资金数额 | C27: 亿元 | D27: 277.88 | E27: -44.35
B28: 五、农民专业合作社
B29: 农民专业合作社总数 | C29: 万户 | D29: 10.24 | E29: 2.4
B30: 出资总额 | C30: 亿元 | D30: 3992.33 | E30: 62.84
B31: 新登记数 | C31: 户 | D31: 4173 | E31: -12.86
B32: 新登记出资总额 | C32: 亿元 | D32: 95.86 | E32: -9.86

Sheet 26
A1: 全社会用电量
A2: 指标名称 | B2: ='17'!B3 -> 6月 | D2: ='17'!C3 -> 1-6月
B3: 绝对量（亿千瓦时） | C3: 增速（%） | D3: 绝对量（亿千瓦时） | E3: 增速（%）
A4: 全社会用电总计 | B4: 187.8996 | C4: 3.0297358 | D4: 924.28952 | E4: -11.056193
A5: 第一产业 | B5: 2.2065025 | C5: 17.084217 | D5: 9.2216127 | E5: -1.1212486
A6: 第二产业 | B6: 127.19258 | C6: 0.33701098 | D6: 543.54238 | E6: -14.252637
A7: #工业 | B7: 124.67108 | C7: 0.31883467 | D7: 532.52656 | E7: -13.831347
A8: #石油、煤炭及其他燃料加工业 | B8: 2.0115055 | C8: -5.3030869 | D8: 16.624314 | E8: 33.809051
A9: 化学原料和化学制品制造业 | B9: 14.855493 | C9: 6.5197769 | D9: 83.316656 | E9: 3.5061555
A10: 非金属矿物制品业 | B10: 13.182488 | C10: 18.394723 | D10: 49.894395 | E10: -17.695346
A11: 黑色金属冶炼和压延加工业 | B11: 16.44581 | C11: -7.0864447 | D11: 92.098716 | E11: -4.7349852
A12: 有色金属冶炼和压延加工业 | B12: 4.8944452 | C12: -10.415126 | D12: 27.359239 | E12: -14.492661
A13: 电力、热力生产和供应业 | B13: 27.327568 | C13: -18.964947 | D13: 69.099829 | E13: -38.578523
A14: 建筑业 | B14: 3.1318192 | C14: 6.616069 | D14: 13.487274 | E14: -27.788289
A15: 第三产业 | B15: 30.993734 | C15: 3.9031392 | D15: 156.55698 | E15: -15.192104
... A26: 乡村居民 | B26: 10.759434 | C26: 21.484772 | D26: 84.286127 | E26: 16.538675
